 Dungeon Crawl Stone Soup version 0.26-a0-264-g3a471323bd (webtiles) character file.

Game seed: 1097802748332362083

79 BritishOli the Skirmisher (level 4, 0/35 HPs)
             Began as a Demonspawn Fighter on July 11, 2020.
             Slain by Crazy Yiuf
             ... wielding a +2 quarterstaff of chaos
              (1 damage)
             ... on level 2 of the Dungeon.
             The game lasted 00:01:04 (1708 turns).

BritishOli the Skirmisher (Demonspawn Fighter)      Turns: 1708, Time: 00:01:05

Health: 0/35       AC: 10    Str: 17    XL:     4   Next: 17%
Magic:  4/4        EV:  7    Int: 10    God:
Gold:   77         SH:  9    Dex: 12    Spells: 3/3 levels left

rFire    + . .     SeeInvis .   a - +0 long sword
rCold    + . .     Faith    .   c - +0 kite shield
rNeg     . . .     Spirit   .   p - +0 scale mail {rC+}
rPois    .         Reflect  .   (no helmet)
rElec    .         Harm     .   (no cloak)
rCorr    .                      (no gloves)
MR       .....                  (no boots)
Stlth    ..........             (no amulet)
HPRegen  0.11/turn              h - +4 ring of protection
MPRegen  0.09/turn              (no ring)

@: very slightly contaminated, invisible
A: demonic guardian 1, fire resistance 1
a: no special abilities


You were on level 2 of the Dungeon.
You were not hungry.

You visited 1 branch of the dungeon, and saw 2 of its levels.

You collected 77 gold pieces.

Inventory:

Hand Weapons
 a - a +0 long sword (weapon)
Missiles
 o - 18 stones (quivered)
Armour
 c - a +0 kite shield (worn)
 p - a +0 scale mail of cold resistance (worn)
Jewellery
 h - a +4 ring of protection (left hand)
Scrolls
 b - 2 scrolls of fear {unknown}
 g - a scroll of identify {unknown}
 i - a scroll of enchant armour {unknown}
 j - a scroll of enchant weapon {unknown}
 l - 2 scrolls of remove curse {unknown}
 n - a scroll of amnesia {unknown}
 r - a scroll of teleportation {unknown}
Potions
 d - a potion of might
 e - a potion of magic {unknown}
 k - 2 potions of curing {unknown}
 m - a potion of brilliance {unknown}
 q - a potion of mutation {unknown}
 s - a potion of stabbing {unknown}
Comestibles
 f - 9 rations


   Skills:
 + Level 3.5 Fighting
 + Level 2.5 Long Blades
 + Level 3.2 Armour
 + Level 3.2 Shields


You had 3 spell levels left.
You didn't know any spells.
Your spell library was empty.

Dungeon Overview and Level Annotations

Branches:
Dungeon (2/15)

Altars:
Gozag

Annotations:
D:2 Crazy Yiuf


Innate Abilities, Weirdness & Mutations

A weak demonic guardian rushes to your aid.
Your flesh is heat resistant. (rF+)


Message History

Crazy Yiuf hits you with a +2 quarterstaff of chaos.
You fade into invisibility!
You are very lightly contaminated with residual magic.
You block Crazy Yiuf's attack.
Your shield prevents you from hitting Crazy Yiuf.
Crazy Yiuf is almost dead.
Crazy Yiuf zaps a wand.
The puff of flame hits you. You resist.
* * * LOW HITPOINT WARNING * * *
You strike the helpless Crazy Yiuf from behind!
You hit Crazy Yiuf.
Crazy Yiuf is almost dead.
You block Crazy Yiuf's attack.
You barely miss Crazy Yiuf.
Crazy Yiuf is almost dead.
You block Crazy Yiuf's attack.
There is an open translucent door, spattered with blood here.
Crazy Yiuf hits you with a +2 quarterstaff of chaos!
* * * LOW HITPOINT WARNING * * *
Crazy Yiuf freezes you.
You die...

...........#
#....#
#....†...
...........#
##...#
####.....###
......###.##
##.##
#.........#
......#....#
##.#
#.........#
......#....#
#.##
#...<.....#
......#....#
##.#
#.........#
......#....#
#5##
#.........#
...........#
##'##
#.........#
......#....#
#g@.#
#.........#
......#....#
#...#
#.........#
†######....#
#)..#
#.........#
.#### #....#
#####
#.........#
.##<# ######
###########
.##.# .##.#
.##.# ....#


You could see Crazy Yiuf and a friendly iron imp (summoned).

Vanquished Creatures
  A centaur zombie (D:2)
  An adder (D:2)
  A worm (D:2)
  A dart slug (D:1)
  A leopard gecko (D:1)
  4 goblins
  4 hobgoblins (D:1)
  A quokka (D:2)
  3 bats (D:1)
  4 frilled lizards
  6 kobolds
  7 rats
34 creatures vanquished.

Notes
Turn   | Place    | Note
-------+----------+-------------------------------------------
     0 | D:1      | BritishOli the Demonspawn Fighter began the quest for the
                  | Orb.
     0 | D:1      | Reached XP level 1. HP: 18/18 MP: 1/1
   307 | D:1      | Gained mutation: Your flesh is heat resistant. (rF+)
                  | [demonic ancestry]
   307 | D:1      | Reached XP level 2. HP: 24/24 MP: 2/2
  1042 | D:2      | Gained mutation: A weak demonic guardian rushes to your
                  | aid. [demonic ancestry]
  1042 | D:2      | Reached XP level 3. HP: 29/29 MP: 3/3
  1046 | D:2      | Found an opulent altar of Gozag.
  1391 | D:2      | Reached XP level 4. HP: 35/35 MP: 4/4
  1557 | D:2      | Found a runed translucent door.
  1558 | D:2      | Noticed Crazy Yiuf
  1708 | D:2      | HP: 1/35 [Crazy Yiuf/+2 quarterstaff of chaos (7)]
  1708 | D:2      | Slain by Crazy Yiuf

Illustrated notes

Levels and vault maps discovered:
D:1:      minmay_arrival_checkered_box, layout_basic, minmay_pentomino_u4
D:2:      layout_basic, grunt_gozag_statues, first_ration,
          uniq_crazy_yiuf_cottage

Skill      XL: |  1  2 |
---------------+-------+-----
Long Blades    | 2 |  2.5
Armour         | 3 |  3.2
Shields        | 3 |  3.2
Fighting       | |  3.5

Action                   |  1- 3 |  4- 6 || total
-------------------------+-------+-------++-------
Melee: Long sword        |   109 |    18 ||   127
 Stab: Invisible         |       |     1 ||     1
  Eat: Ration            |     1 |       ||     1
Armor: Scale mail        |    55 |     7 ||    62
Dodge: Dodged            |    27 |     2 ||    29
Block: Kite shield       |    67 |     7 ||    74
       Rpst.: Long sword |    11 |     1 ||    12

Table legend:
 A = Non-vault XP
 B = Vault XP
 C = Vault XP percentage of total XP
 D = Non-vault monster count
 E = Vault monster count
 F = Vault count percentage of total count
                 A         B        C        D         E       F
            +---------+---------+-------+---------+---------+-------
      Total |     106 |       8 |   7.0 |      31 |       3 |   8.8
            +---------+---------+-------+---------+---------+-------
        D:1 |      30 |       8 |  21.1 |      21 |       3 |  12.5
        D:2 |      76 |       0 |   0.0 |      10 |       0 |   0.0
            +---------+---------+-------+---------+---------+-------
